 Dungeon Crawl Stone Soup version 0.27-a0-553-ge0ab5a2769 (webtiles) character file.

Game seed: 1483320222280550422

243 Garpagan the Chopper (level 6, -2/53 HPs)
             Began as a Hill Orc Fighter on Mar 8, 2021.
             Killed by divine providence
             ... invoked by an orc priest
              (13 damage)
             ... on level 3 of the Dungeon.
             The game lasted 00:13:31 (3328 turns).

Garpagan the Chopper (Hill Orc Fighter)             Turns: 3328, Time: 00:13:32

Health: -2/53      AC: 10    Str: 21    XL:     6   Next: 9%
Magic:  6/6        EV:  5    Int:  8    God:
Gold:   47         SH:  9    Dex: 10    Spells: 5/5 levels left

rFire    . . .     SeeInvis .   a - +0 war axe
rCold    . . .     Faith    .   c - +0 kite shield
rNeg     . . .     Spirit   .   i - +0 chain mail
rPois    .         Reflect  .   q - +0 helmet
rElec    .         Harm     .   (no cloak)
rCorr    .         Rampage  .   (no gloves)
Will     .....                  (no boots)
Stlth    ..........             (no amulet)
HPRegen  0.17/turn              (no ring)
MPRegen  0.10/turn              (no ring)

@: no status effects
A: no striking features
a: Convert to Beogh


You were on level 3 of the Dungeon.
You visited 1 branch of the dungeon, and saw 3 of its levels.

You collected 47 gold pieces.

Inventory:

Hand Weapons
 a - a +0 war axe (weapon)
 m - a +3 quarterstaff of chaos
Armour
 c - a +0 kite shield (worn)
 i - a +0 chain mail (worn)
 q - a +0 helmet (worn)
Scrolls
 e - 4 scrolls of enchant weapon {unknown}
 f - a scroll of amnesia {unknown}
 g - 4 scrolls of identify {unknown}
 h - a scroll of fear {unknown}
 j - a scroll of teleportation {unknown}
 n - a scroll of fog {unknown}
 o - a scroll of blinking {unknown}
 r - a scroll of noise {unknown}
Potions
 b - a potion of cancellation {unknown}
 d - a potion of might
 k - 2 potions of curing {unknown}
 l - a potion of flight {unknown}
 p - a potion of lignification {unknown}


   Skills:
 + Level 4.5 Fighting
 + Level 5.6 Axes
 + Level 4.2 Armour
 + Level 0.6 Dodging
 + Level 0.1 Stealth
 + Level 4.4 Shields


You had 5 spell levels left.
You didn't know any spells.
Your spell library was empty.

Dungeon Overview and Level Annotations

Branches:
Dungeon (3/15)

Altars:
Ashenzari
Uskayaw


Message History

The orc priest threatens, "By the altar or by the axe, you will meet Beogh!"
The orc priest hits you but does no damage. x2
You see here a +0 flail.
You hit the orc priest.
The orc priest is moderately wounded.
You closely miss the orc priest. The orc priest barely misses you.
The orc priest calls upon Beogh to heal the orc priest.
The orc priest's wounds heal themselves!
The orc priest threatens, "By the altar or by the axe, you will meet Beogh!"
You block the orc priest's attack.
The orc priest hits you but does no damage.
The orc priest shouts, "Surrender to Beogh and we'll let you live!"
You barely miss the orc priest.
You hit the orc priest but do no damage.
The orc priest shouts, "Surrender to Beogh and we'll let you live!"
The orc priest hits you but does no damage.
You block the orc priest's attack.
You hit the orc priest.
The orc priest is lightly wounded.
You hit the orc priest.
The orc priest shouts, "Join the one true god or die!"
You block the orc priest's attack. The orc priest completely misses you.
The orc priest mumbles some strange prayers to Beogh against you.
You barely resist. You barely miss the orc priest.
The orc priest is lightly wounded.
You hit the orc priest but do no damage.
The orc priest calls down the wrath of Beogh upon you.
Beogh smites you! The orc priest barely misses you.
The orc priest mumbles some strange prayers to Beogh against you.
Beogh smites you!
* * * LOW HITPOINT WARNING * * *
The orc priest shouts, "Beogh is our master!
Accept the truth or die!"
You hit the orc priest.
The orc priest is heavily wounded.
Your chain mail prevents you from hitting the orc priest.
The orc priest closely misses you. You block the orc priest's attack.
The orc priest mumbles some strange prayers to Beogh against you.
Beogh smites you!
You die...

#.#########....# #.#.#
##...# #.#.# #...# #.#.#
#...# #.#.# #...# #.#.#
#...# #
#.#.##########.... #.
#.#...............
#.###@############.#..
####...oo........)..).#..
..........##############.
..........# #.......
..........# #.......
..........# #.......
..........# #.......
..........# #.......
..........# ########


You could see 2 orc priests.

Vanquished Creatures
  Sigmund (D:3)
  Crazy Yiuf (D:2)
  Robin (D:3)
  3 adders
  An ufetubus (D:2)
  2 worms (D:2)
  2 dart slugs
  4 orcs (D:3)
  6 giant cockroaches
  16 goblins
  5 hobgoblins
  3 jackals (D:1)
  A quokka (D:3)
  5 bats
  5 frilled lizards
  A jackal skeleton (D:2)
  7 kobolds
  4 rats
68 creatures vanquished.

Vanquished Creatures (others)
  A fungus (D:1)
1 creature vanquished.

Grand Total: 69 creatures vanquished

Notes
Turn   | Place    | Note
-------+----------+-------------------------------------------
     0 | D:1      | Garpagan the Hill Orc Fighter began the quest for the Orb.
     0 | D:1      | Reached XP level 1. HP: 19/19 MP: 1/1
   667 | D:1      | Reached XP level 2. HP: 27/27 MP: 2/2
   771 | D:1      | You fall into a shaft and drop 1 floor!
   876 | D:2      | Found a runed translucent door.
   877 | D:2      | Noticed Crazy Yiuf
  1053 | D:2      | Reached skill level 3 in Axes
  1066 | D:2      | Reached XP level 3. HP: 12/33 MP: 3/3
  1507 | D:2      | Found a hide-covered altar of Uskayaw.
  1633 | D:2      | Reached skill level 4 in Axes
  1680 | D:2      | Reached XP level 4. HP: 39/40 MP: 4/4
  1824 | D:2      | Found a broken altar of Ashenzari.
  2213 | D:2      | Killed Crazy Yiuf
  2886 | D:3      | Noticed Robin
  2905 | D:3      | Reached XP level 5. HP: 46/46 MP: 5/5
  2911 | D:3      | Killed Robin
  3175 | D:3      | Noticed Sigmund
  3202 | D:3      | Killed Sigmund
  3203 | D:3      | Reached skill level 5 in Axes
  3203 | D:3      | Reached XP level 6. HP: 42/53 MP: 6/6
  3328 | D:3      | Killed from afar by an orc priest

Illustrated notes

Levels and vault maps discovered:
D:1:      dpeg_arrival_prison, layout_basic, chequers_arboretum
D:2:      layout_basic, general_overflow_altar, nicolae_ashenzari_panopticon,
          uniq_crazy_yiuf_cottage
D:3:      layout_basic, gammafunk_ghost_stat_death, uniq_sigmund, uniq_robin

Skill      XL: |  1  2  3  4  5 |
---------------+----------------+-----
Fighting       | 4 |  4.5
Axes           | 3 4 5 |  5.6
Armour         | 4 |  4.2
Shields        | 4 |  4.4
Dodging        | |  0.6
Stealth        | |  0.1

Action                   |  1- 3 |  4- 6 || total
-------------------------+-------+-------++-------
Melee: War axe           |   119 |   112 ||   231
Armor: Scale mail        |    37 |       ||    37
       Chain mail        |    21 |    92 ||   113
Dodge: Dodged            |    36 |    43 ||    79
Block: Kite shield       |    60 |    60 ||   120

Table legend: (Time is in decaauts)
 A = Elapsed time spent in this place.
 B = Non-inter-level travel time spent in this place.
 C = Inter-level travel time spent in this place.
 D = Time resting spent in this place.
 E = Time spent auto-exploring this place.
 F = Levels seen in this place.
 G = Mean time per level.
                   A        B        C        D        E       F      G
               +--------+--------+--------+--------+--------+-----+--------+
         Total |   3462 |   3462 |      0 |    928 |   1657 |   3 | 1154.0 |
       Dungeon |   3462 |   3462 |      0 |    928 |   1657 |   3 | 1154.0 |
               +--------+--------+--------+--------+--------+-----+--------+

Top non-repeatable levels by time:
     D:2: 2010 daAuts
     D:1: 793 daAuts
     D:3: 658 daAuts
